 Dungeon Crawl Stone Soup version 0.21.0-3-g78d12a8 (webtiles) character file.

35508 inmateoo the Impaler (level 13, 0/113 HPs)
             Began as a Minotaur Fighter on Jan 17, 2018.
             Was a High Priest of Elyvilon.
             Killed from afar by an ogre mage (23 damage)
             ... with a crystal spear
             ... on level 15 of the Dungeon.
             The game lasted 00:21:07 (16021 turns).

inmateoo the Impaler (Minotaur Fighter)            Turns: 16021, Time: 00:21:08

Health: 0/113      AC: 15    Str: 27    XL:     13   Next: 48%
Magic:  12/12      EV: 10    Int:  5    God:    Elyvilon [*****.]
Gold:   398        SH: 18    Dex: 14    Spells: 12/12 levels left

rFire    . . .     SeeInvis .   s - +3 trident
rCold    + . .     Gourm    .   c - +0 shield
rNeg     . . .     Faith    .   w - +1 chain mail {rC+}
rPois    +         Spirit   .   (helmet restricted)
rElec    +         Reflect  +   o - +0 cloak
rCorr    +         Harm     .   R - -1 pair of gloves "Enyck" {rPois Str+2 Dex+3}
MR       .....                  J - +0 pair of boots
Stlth    ..........             u - +5 amulet of reflection
HPRegen  0.28/turn              F - ring of resist corrosion
MPRegen  0.13/turn              a - ring "Lylasaat" {Wiz rElec}

@: no status effects
A: retaliatory headbutt, horns 2
a: Lesser Healing, Heal Other, Purification, Greater Healing, Divine Vigour,
Divine Protection, Renounce Religion


You were on level 15 of the Dungeon.
You worshipped Elyvilon.
Elyvilon was extremely pleased with you.
You were hungry.

You visited 2 branches of the dungeon, and saw 16 of its levels.

You collected 827 gold pieces.
You spent 429 gold pieces at shops.

Inventory:

Hand Weapons
 s - a +3 trident (weapon)
 N - the +2 spear "Bouwnatz" {venom, *Slow rF++ MP-9 Str+9}
   (You found it on level 12 of the Dungeon)

   It poisons the flesh of those it strikes.
   It affects your strength (+9).
   It greatly protects you from fire.
   It affects your magic capacity (-9).
   It may slow you when you take damage.
Missiles
 t - 4 steel tomahawks (quivered)
Armour
 c - a +0 shield (worn)
 o - a +0 cloak (worn)
 w - a +1 chain mail of cold resistance (worn)
 J - a +0 pair of boots (worn)
 R - the -1 pair of gloves "Enyck" (worn) {rPois Str+2 Dex+3}
   (You found it on level 14 of the Dungeon)

   It affects your strength (+2).
   It affects your dexterity (+3).
   It protects you from poison.
Jewellery
 a - the ring "Lylasaat" (right hand) {Wiz rElec}
   (You found it on level 6 of the Dungeon)

   [ring of wizardry]

   It improves your spell success rate.
   It insulates you from electricity.
 u - a +5 amulet of reflection (around neck)
 C - an uncursed ring of ice
 F - a ring of resist corrosion (left hand)
Wands
 z - a wand of enslavement (24)
 D - a wand of flame (70)
 O - a wand of digging (6)
Scrolls
 b - a scroll of blinking
 h - 11 scrolls of remove curse
 i - 6 scrolls of enchant weapon
 j - 7 scrolls of amnesia
 q - 5 scrolls of teleportation
 r - 3 scrolls of enchant armour
 y - 2 scrolls of identify
 B - a scroll of magic mapping
 G - 2 scrolls of fear
 K - a scroll of fog {unknown}
Potions
 d - a potion of might
 e - 4 potions of heal wounds
 g - 2 potions of haste
 k - 2 potions of lignification
 l - 8 potions of curing
 m - 3 potions of degeneration {unknown}
 n - 2 potions of agility
 p - 3 potions of mutation
 v - 4 potions of brilliance
 x - a potion of ambrosia
 A - a potion of cancellation {unknown}
 H - a potion of magic
 I - a potion of resistance {unknown}
 M - 2 potions of flight
Miscellaneous
 Q - a phial of floods
Comestibles
 f - 23 rations


   Skills:
 - Level 10.0 Fighting
 * Level 20.3 Polearms
 - Level 10.0 Armour
 - Level 5.0 Dodging
 - Level 10.0 Shields


You had 12 spell levels left.
You didn't know any spells.

Dungeon Overview and Level Annotations

Branches:
Dungeon (15/15)            Temple (1/1) D:5            Lair (0/6) D:8
    Orc (0/2) D:11         Vaults (0/5) D:14
 Depths: D:15

Altars:
Ashenzari
Cheibriados
Dithmenos
Elyvilon
Fedhas
Gozag
Hepliaklqana
Kikubaaqudgha
Makhleb
Nemelex Xobeh
Okawaru
Qazlal
Ru
Sif Muna
Trog
Uskayaw
Vehumet
Wu Jian
Xom
Yredelemnul
Zin
The Shining One

Shops:
D:14 !

Annotations:
D:14 inmateoo's ghost, journeyman GrNe


Innate Abilities, Weirdness & Mutations

You reflexively headbutt those who attack you in melee.
You have a pair of horns on your head.


Message History

The ogre mage is severely wounded.
Unknown command.
Attack whom?
Press: ? - help, Dir - move target cursor, f/p - ogre mage
Aim: an ogre mage, wielding a halberd and wearing a robe (severely wounded)
You reach to attack!
You hit the ogre mage but do no damage.
The ogre mage is severely wounded.
The ogre mage casts a spell at you. The bolt of fire hits you!
* * * LOW HITPOINT WARNING * * *
Unknown command.
Unknown command.
Attack whom?
Press: ? - help, Dir - move target cursor, f/p - ogre mage
Aim: an ogre mage, wielding a halberd and wearing a robe (severely wounded)
You reach to attack!
You closely miss the ogre mage.
The ogre mage is severely wounded.
The ogre mage points at you and mumbles some strange words.
The crystal spear hits you!
You die...

#..)........#
#...........#
#...........#
#.........##### #
#.........#... .#Q
#.....(:..#.. .#%#
#.........#.#...#
#.........#.O...#
#######.).......@.#..
...............###.##
...........)......#(.
.......................
............†.....#.....
.............)....... ..
..................... .
.....................
.....................


You could see an ogre mage and a tengu conjurer.

Vanquished Creatures
  A tengu reaver (D:14)
  A frost giant (D:14)
  A yaktaur captain (D:14)
  Harold (D:10)
  A catoblepas (D:14)
  2 hydras (D:12)
  2 dancing weapons (D:14)
  4 two-headed ogres
  A centaur warrior (D:13)
  A deep troll earth mage (D:14)
  A death yak (D:7)
  A hell knight (D:15)
  Sonja (D:10)
  An unseen horror (D:14)
  2 deep elf magi
  Pikel (D:8)
  3 manticores
  Psyche (D:12)
  An elephant (D:7)
  3 gargoyles
  A yaktaur (D:15)
  An efreet (D:13)
  3 tengu conjurers
  6 trolls
  Prince Ribbit (D:8)
  6 slime creatures (D:13)
  4 hippogriffs
  2 shadows
  2 wraiths
  2 vampires (D:13)
  A water elemental (D:11)
  A human (D:10)
  Eustachio (D:6)
  4 wyverns
  A basilisk (D:8)
  Grum (D:9)
  3 hungry ghosts
  5 yaks (D:10)
  4 hogs (D:10)
  2 vampire mosquitoes
  2 acid dragons
  Edmund (D:6)
  A water moccasin (D:11)
  2 phantoms
  8 ice beasts
  6 orc warriors
  3 sky beasts
  9 ogres
  7 centaurs
  4 wolves (D:9)
  A crocodile (D:7)
  A big kobold (D:12)
  10 bullfrogs
  A gnoll sergeant (D:6)
  5 scorpions
  A water moccasin skeleton (D:7)
  11 killer bees
  8 wights
  2 electric eels (D:11)
  2 lava snakes (D:13)
  4 crimson imps
  A howler monkey (D:7)
  A centaur zombie (D:11)
  2 quasits (D:7)
  5 hounds
  4 jellies
  9 orc wizards
  16 orc priests
  5 bullfrog skeletons
  2 iguanas
  Terence (D:3)
  7 centaur skeletons
  Ijyb (D:5)
  12 worker ants
  A worker ant zombie (D:6)
  6 gnolls
  8 adders
  4 shadow imps
  9 oozes (D:3)
  2 adder zombies (D:8)
  An adder skeleton (D:9)
  5 worms
  3 dart slugs
  3 leopard geckos
  33 orcs
  9 giant cockroaches
  5 goblins (D:3)
  5 hobgoblins
  2 jackals (D:3)
  6 quokkas
  A ball python (D:6)
  5 bats
  5 frilled lizards
  A jackal skeleton (D:4)
  17 kobolds
  5 rats
372 creatures vanquished.

Vanquished Creatures (others)
  2 slaves (D:8)
  2 centaurs
  A scorpion (D:8)
  An adder zombie (D:8)
  A fungus (D:3)
  10 toadstools (D:3)
17 creatures vanquished.

Grand Total: 389 creatures vanquished

Notes
Turn   | Place    | Note
-------+----------+-------------------------------------------
     0 | D:1      | inmateoo the Minotaur Fighter began the quest for the Orb.
     0 | D:1      | Reached XP level 1. HP: 19/19 MP: 0/0
   343 | D:1      | Reached XP level 2. HP: 27/27 MP: 1/1
   681 | D:2      | Reached skill level 3 in Polearms
   687 | D:2      | Reached XP level 3. HP: 29/33 MP: 2/2
  1368 | D:2      | Reached XP level 4. HP: 40/40 MP: 3/3
  1567 | D:3      | Noticed Terence
  1577 | D:3      | Killed Terence
  1577 | D:3      | Reached skill level 4 in Polearms
  1727 | D:3      | Found a burning altar of Makhleb.
  1760 | D:3      | Reached XP level 5. HP: 47/47 MP: 4/4
  2061 | D:3      | Reached skill level 1 in Dodging
  2076 | D:3      | Found a shattered altar of Ashenzari.
  2084 | D:3      | Reached skill level 5 in Polearms
  2486 | D:4      | Reached XP level 6. HP: 33/53 MP: 5/5
  2615 | D:4      | Found a sacrificial altar of Ru.
  2714 | D:4      | Reached skill level 5 in Fighting
  2714 | D:4      | Reached skill level 5 in Armour
  2714 | D:4      | Reached skill level 5 in Shields
  3019 | D:4      | Reached XP level 7. HP: 54/61 MP: 6/6
  3256 | D:5      | Entered Level 5 of the Dungeon
  3262 | D:5      | Reached skill level 6 in Polearms
  3361 | D:5      | Found a staircase to the Ecumenical Temple.
  3375 | Temple   | Entered the Ecumenical Temple
  3413 | Temple   | Became a worshipper of Elyvilon the Healer
  3665 | D:5      | Noticed Ijyb
  3670 | D:5      | Killed Ijyb
  3800 | D:5      | Reached * piety under Elyvilon
  4394 | D:5      | Reached skill level 7 in Polearms
  4532 | D:5      | Reached XP level 8. HP: 68/70 MP: 7/7
  4719 | D:6      | Noticed Edmund
  4754 | D:6      | Killed Edmund
  4973 | D:6      | Reached ** piety under Elyvilon
  5058 | D:6      | Got a transparent amber ring
  5091 | D:6      | Reached skill level 8 in Polearms
  5303 | D:6      | Noticed Eustachio
  5311 | D:6      | Killed Eustachio
  5531 | D:6      | Identified the ring "Lylasaat" {Wiz rElec} (You found it on level 6 of the Dungeon)
  5658 | D:7      | Reached XP level 9. HP: 77/78 MP: 8/8
  5804 | D:7      | Reached *** piety under Elyvilon
  5990 | D:7      | Reached skill level 9 in Polearms
  6529 | D:8      | Found a staircase to the Lair.
  6529 | D:8      | Noticed an elephant
  6529 | D:8      | Noticed a death yak
  6550 | D:7      | Reached skill level 5 in Dodging
  6591 | D:7      | Killed a death yak
  6591 | D:7      | Reached skill level 10 in Polearms
  6819 | D:7      | Killed an elephant
  7085 | D:8      | Noticed Pikel
  7103 | D:8      | Noticed Prince Ribbit
  7106 | D:8      | Killed Pikel
  7106 | D:8      | Reached XP level 10. HP: 83/88 MP: 9/9
  7123 | D:8      | Killed Prince Ribbit
  7385 | D:8      | Noticed a two-headed ogre
  7406 | D:8      | Killed a two-headed ogre
  7406 | D:8      | Reached skill level 11 in Polearms
  8564 | D:9      | Reached **** piety under Elyvilon
  8619 | D:9      | Found a bloodstained altar of Trog.
  8756 | D:9      | Noticed Grum
  8767 | D:9      | Reached skill level 12 in Polearms
  8773 | D:9      | Killed Grum
  8810 | D:9      | Noticed a two-headed ogre
  8830 | D:9      | Killed a two-headed ogre
  8830 | D:9      | Reached XP level 11. HP: 79/97 MP: 10/10
  9090 | D:10     | Entered Level 10 of the Dungeon
  9090 | D:10     | Noticed Harold
  9099 | D:10     | Killed Harold
  9150 | D:10     | Noticed Sonja
  9160 | D:10     | Killed Sonja
  9430 | D:10     | Reached skill level 10 in Fighting
  9614 | D:10     | Reached skill level 13 in Polearms
  9614 | D:10     | Reached skill level 10 in Armour
  9614 | D:10     | Reached skill level 10 in Shields
 10099 | D:11     | Reached skill level 14 in Polearms
 10170 | D:11     | Found a staircase to the Orcish Mines.
 10237 | D:11     | Noticed a two-headed ogre
 10248 | D:11     | Killed a two-headed ogre
 10538 | D:11     | Reached skill level 15 in Polearms
 10592 | D:11     | Reached ***** piety under Elyvilon
 10713 | D:11     | Noticed a two-headed ogre
 10723 | D:11     | Killed a two-headed ogre
 10723 | D:11     | Reached XP level 12. HP: 90/106 MP: 11/11
 11102 | D:12     | Noticed a seven-headed hydra
 11112 | D:12     | Killed a seven-headed hydra
 11112 | D:12     | Reached skill level 16 in Polearms
 11338 | D:12     | Got a warped spear
 11339 | D:12     | Identified the +2 spear "Bouwnatz" {venom, *Slow rF++ MP-9 Str+9} (You found it on level 12 of the Dungeon)
 11384 | D:12     | Noticed Psyche
 11389 | D:12     | Killed Psyche
 11417 | D:12     | Identified a scroll of acquirement
 11475 | D:12     | Noticed a four-headed hydra
 11483 | D:12     | Killed a four-headed hydra
 12155 | D:13     | Reached skill level 17 in Polearms
 12221 | D:13     | Noticed a centaur warrior
 12230 | D:13     | Killed a centaur warrior
 12652 | D:13     | Reached skill level 18 in Polearms
 13785 | D:14     | Found a gate to the Vaults.
 13999 | D:14     | Found a sparkling altar of Nemelex Xobeh.
 14095 | D:14     | Noticed a tengu reaver
 14096 | D:14     | Noticed a deep troll earth mage
 14154 | D:14     | Killed a deep troll earth mage
 14154 | D:14     | Reached XP level 13. HP: 65/113 MP: 12/12
 14375 | D:14     | Found Moaheroz's Distillery.
 14382 | D:14     | Noticed inmateoo's ghost (journeyman GrNe)
 14404 | D:14     | Reached skill level 19 in Polearms
 14755 | D:14     | Got a pair of heavily runed gloves
 14766 | D:14     | Identified the cursed -1 pair of gloves "Enyck" {rPois Str+2 Dex+3} (You found it on level 14 of the Dungeon)
 14858 | D:14     | Noticed a frost giant
 14891 | D:14     | Killed a frost giant
 14940 | D:14     | Got a glittering golden ring
 14942 | D:14     | Identified the ring of Oplonaaz {*Tele rC+} (You found it on level 14 of the Dungeon)
 15035 | D:14     | Killed a tengu reaver
 15615 | D:14     | Bought 2 potions of curing for 78 gold pieces
 15615 | D:14     | Bought a potion of curing for 39 gold pieces
 15615 | D:14     | Bought a potion of agility for 52 gold pieces
 15615 | D:14     | Bought a potion of curing for 39 gold pieces
 15615 | D:14     | Bought a potion of curing for 39 gold pieces
 15615 | D:14     | Bought a potion of curing for 39 gold pieces
 15615 | D:14     | Bought a potion of mutation for 104 gold pieces
 15615 | D:14     | Bought a potion of flight for 39 gold pieces
 15703 | D:15     | Entered Level 15 of the Dungeon
 15707 | D:15     | Reached skill level 20 in Polearms
 16021 | D:15     | Killed from afar by an ogre mage

Skill      XL: |  1  2  3  4  5  6  7  8  9 10 11 12 13 |
---------------+----------------------------------------+-----
Polearms       | 3 4 5 7 8 10 12 15 18 20 | 20.3
Shields        | 4 5 6 8 9 10 | 10.0
Fighting       | 4 5 6 8 9 10 | 10.0
Armour         | 4 5 6 8 9 10 | 10.0
Dodging        | 1 2 3 4 5 |  5.0

Action                   |  1- 3 |  4- 6 |  7- 9 | 10-12 | 13-15 || total
-------------------------+-------+-------+-------+-------+-------++-------
Melee: Trident           |    98 |   220 |   367 |   795 |   201 ||  1681
       Headbutt          |    11 |    36 |    65 |   152 |    51 ||   315
       Spear             |       |       |       |     9 |       ||     9
Invok: Lesser Healing    |       |       |       |       |     1 ||     1
Evoke: Wand              |       |       |       |    26 |     5 ||    31
       Phial of floods   |       |       |       |     1 |       ||     1
  Use: Scroll            |       |       |    11 |     8 |     2 ||    21
       Potion            |       |       |       |     5 |     3 ||     8
 Stab: Paralysed         |       |       |       |     9 |       ||     9
       Invisible         |       |       |       |       |     4 ||     4
       Petrified         |       |       |       |       |     2 ||     2
       Petrifying        |       |       |       |       |     1 ||     1
  Eat: Chunk             |     1 |     6 |    13 |    15 |     2 ||    37
       Ration            |       |       |       |     4 |       ||     4
Armor: Scale mail        |    28 |     9 |       |       |       ||    37
       Chain mail        |       |    50 |    83 |   160 |    44 ||   337
       Skin              |       |       |       |     5 |       ||     5
Dodge: Dodged            |    19 |    31 |    38 |   121 |    17 ||   226
Block: Shield            |    34 |    90 |   182 |   449 |    77 ||   832
       Reflection        |       |       |     3 |    44 |       ||    47
